 Dungeon Crawl Stone Soup version 0.30.1-11-g7821555f0a (webtiles) character file.

Game seed: 4897723250854908571

1463 ChrisAssaf the Magician (level 9, -7/88 HPs)
             Began as a Djinni Air Elementalist on Jan 4, 2024.
             Mangled by an acid dragon (15 damage)
             ... on level 7 of the Dungeon.
             The game lasted 00:16:03 (3453 turns).

ChrisAssaf the Magician (Djinni Air Elementalist)   Turns: 3453, Time: 00:16:04

Health: -7/88      AC:  0    Str:  9    XL:     9   Next: 5%
Gold:   211        EV: 13    Int: 19    God:
                   SH:  5    Dex: 14

rFire   + + .        n - +1 spear (venom)
rCold   x . .        (no shield)
rNeg    . . .        j - +1 robe {Will+}
rPois   ∞            (no helmet)
rElec   .            (no cloak)
rCorr   .            (no gloves)
SInv    .            (boots unavailable)
Will    +....        f - amulet of reflection Stlth
                     l - +4 ring of protection
HPRegen 0.34/turn    (no ring)
MPRegen 0.00/turn

%: reflection, infuse magic (-8 HP)
@: berserking (expiring), corroded, flying, very quick
A: sickness immunity, fire resistance 2, cold vulnerability 1, float, innate
caster, HP casting, extra vitality 1
a: no special abilities


You were on level 7 of the Dungeon.
You visited 1 branch of the dungeon, and saw 8 of its levels.

You collected 211 gold pieces.

Inventory:

Hand Weapons
 h - a +3 short sword of electrocution
 n - a +1 spear of venom (weapon)
Missiles
 c - a boomerang (quivered)
Armour
 j - a +1 robe of willpower (worn)
Jewellery
 f - an amulet of reflection (around neck)
 l - a +4 ring of protection (left hand)
 m - a ring of protection from fire
Wands
 g - a wand of iceblast (1)
 i - a wand of flame (11)
Scrolls
 a - 2 scrolls of silence
 k - a scroll of fog
Potions
 d - a potion of degeneration
 e - a potion of haste


   Skills:
 * Level 2.7 Fighting
 - Level 2.6 Short Blades
 * Level 3.8 Throwing
 * Level 3.1 Armour
 * Level 2.9 Dodging
 * Level 2.3 Stealth
 * Level 0.2 Shields
 * Level 5.4 Spellcasting
 * Level 2.5 Evocations


You knew the following spells:

 Your Spells              Type           Power      Damage    Failure   Level
a - Shock                 Conj/Air       100%       1d9       1%          1
b - Static Discharge      Conj/Air       50%        2-5/arc   1%          2
c - Swiftness             Air            25%        N/A       3%          3
d - Airstrike             Air            12%        2d(2-18)  13%         4
e - Sting                 Tmut/Pois      100%       1d8       1%          1
f - Scorch                Fire           50%        2d7       1%          2
g - Stone Arrow           Conj/Erth      50%        3d10      3%          3
h - Ignite Poison         Fire/Tmut/Pois 25%        N/A       3%          3
Your spell library was empty.

Dungeon Overview and Level Annotations

Branches:
Dungeon (8/15)
 Temple: D:4-7         Lair: D:8-11

Altars:
Dithmenos

Annotations:
D:6 Prince Ribbit


Innate Abilities, Weirdness & Mutations

You are immune to sickness and miasma.
You are immune to poison.
Your flesh is very heat resistant. (rF++)
You are vulnerable to cold. (rC-)
You float through the air rather than walking.
You learn spells naturally, not from books.
Your magical power is your life essence.
You have superior vitality. (+4 MHP)


Message History

A red film seems to cover your vision as you go berserk!
You feel yourself moving faster!
You feel mighty!
You hear an angry hiss.
The orc hits you with a +0 dagger. The acid dragon closely misses you.
The acid dragon claws you.
You barely miss the acid dragon. The orc hits you with a +0 dagger.
* * * LOW HITPOINT WARNING * * *
The acid dragon closely misses you. x2
You closely miss the acid dragon. You hit the acid dragon.
The acid dragon is lightly wounded.
You block the orc's attack. The acid dragon barely misses you.
The acid dragon claws you.
* * * LOW HITPOINT WARNING * * *
You hit the acid dragon.
The acid dragon is lightly wounded.
The orc closely misses you. The acid dragon bites you.
* * * LOW HITPOINT WARNING * * *
The acid dragon barely misses you.
You barely miss the acid dragon.
The acid dragon is lightly wounded.
The orc barely misses you. The acid dragon bites you.
* * * LOW HITPOINT WARNING * * *
The acid dragon claws you.
* * * LOW HITPOINT WARNING * * *
You hit the acid dragon.
The acid dragon is lightly wounded.
You closely miss the acid dragon.
The acid dragon is lightly wounded.
The orc misses you. The acid dragon misses you.
The acid dragon closely misses you.
You barely miss the acid dragon.
The acid dragon is lightly wounded.
The acid dragon misses you. The acid dragon completely misses you.
The orc hits you with a +0 dagger.
* * * LOW HITPOINT WARNING * * *
You closely miss the acid dragon.
The acid dragon is lightly wounded.
The acid dragon bites you!
You die...

#.# ##+## #...
#.# ### #.# #...
#.# #.. ..# #...
#.# #.# ##.##
##.# #.# #.#
##...## #.# #.#
#.# ###.....# #.
#.# #.# #.......
#.####.###.###.#
#.......o@D....#
##############.#
#.# #.# #.# #.#
#.# #.#


You could see an acid dragon and an orc.

Vanquished Creatures
  Grinder (D:4)
  Sigmund (D:5)
  2 ice beasts
  A centaur (D:5)
  An ogre (D:5)
  2 phantoms
  2 scorpions
  A howler monkey (D:5)
  2 orc priests (D:5)
  A gnoll bouda (D:7)
  6 iguanas
  Ijyb (D:3)
  Terence (D:2)
  An orc wizard (D:3)
  2 adders
  5 gnolls
  2 worms
  11 orcs
  3 endoplasms
  A giant cockroach (D:4)
  5 goblins
  3 hobgoblins
  2 quokkas
  2 ball pythons (D:4)
  2 frilled lizards
  4 kobolds
  2 rats
67 creatures vanquished.

Notes
Turn   | Place    | Note
-------+----------+-------------------------------------------
     0 | D:1      | ChrisAssaf the Djinni Air Elementalist began the quest for
                  | the Orb.
     0 | D:1      | ChrisAssaf set off with the following spells memorised:
                  | Shock, Static Discharge, Swiftness, Airstrike.
     0 | D:1      | Reached XP level 1. HP: 15/15 MP: 0/0
   216 | D:1      | Reached XP level 2. HP: 21/21 MP: 0/0
   278 | D:2      | Noticed Terence
   316 | D:2      | Killed Terence
   317 | D:2      | Reached skill level 3 in Spellcasting
   317 | D:2      | Reached XP level 3. HP: 4/25 MP: 0/0
   317 | D:2      | Learned a level 1 spell: Sting
   938 | D:3      | Noticed Ijyb
   939 | D:3      | Reached XP level 4. HP: 31/31 MP: 0/0
   949 | D:3      | Reached skill level 1 in Armour
   951 | D:3      | Killed Ijyb
   952 | D:3      | Reached skill level 1 in Fighting
   952 | D:3      | Reached XP level 5. HP: 24/37 MP: 0/0
   952 | D:3      | Learned a level 2 spell: Scorch
  1008 | D:4      | Noticed Grinder
  1013 | D:4      | Paralysed by Grinder for 5 turns
  1031 | D:4      | Paralysed by Grinder for 3 turns
  1039 | D:4      | Killed Grinder
  1040 | D:4      | Reached skill level 1 in Short Blades
  1040 | D:4      | Reached skill level 1 in Throwing
  1040 | D:4      | Reached skill level 4 in Spellcasting
  1040 | D:4      | Reached skill level 1 in Evocations
  1040 | D:4      | Reached XP level 6. HP: 4/42 MP: 0/0
  1271 | D:4      | Found a shadowy altar of Dithmenos.
  1482 | D:4      | Reached XP level 7. HP: 7/47 MP: 0/0
  1482 | D:4      | Learned a level 3 spell: Stone Arrow
  2073 | D:5      | Entered Level 5 of the Dungeon
  2419 | D:5      | Reached XP level 8. HP: 37/54 MP: 0/0
  2605 | D:6      | Noticed Prince Ribbit
  2732 | D:5      | Noticed Sigmund
  2744 | D:5      | Killed Sigmund
  2936 | D:5      | Reached skill level 5 in Spellcasting
  3350 | D:7      | Reached XP level 9. HP: 43/59 MP: 0/0
  3350 | D:7      | Learned a level 3 spell: Ignite Poison
  3453 | D:7      | Mangled by an acid dragon

Illustrated notes

Levels and vault maps discovered:
D:1:      lightli_molten_gateway, layout_basic, serial_park_tiny_1,
          minmay_pentomino_z4
D:2:      layout_basic, serial_bayou_pond_d, uniq_terence,
          uniq_crazy_yiuf_cottage
D:3:      layout_basic, uniq_ijyb
D:4:      layout_cave_pools, grunt_dithmenos_smoke, minmay_vboxes, uniq_grinder
D:5:      layout_basic, uniq_sigmund
D:6:      layout_loops_ring, minmay_temple_entry_stoned_glass,
          minmay_misc_feat_alley, grunt_decor_resistance,
          nicolae_specific_store, uniq_maggie, uniq_prince_ribbit1
D:7:      layout_loops_corners, minmay_lizard_king
D:8:      layout_rooms, nicolae_overflow_hidden_temple,
          eino_small_chamber_without_monster, uniq_maurice

Skill      XL: |  1  2  3  4  5  6  7  8 |
---------------+-------------------------+-----
Spellcasting   | 3 4 5 |  5.4
Armour         | 1 2 3 |  3.1
Fighting       | 1 2 |  2.7
Short Blades   | 1 2 |  2.6
Throwing       | 1 2 3 |  3.8
Evocations     | 1 2 |  2.5
Stealth        | 2 |  2.3
Dodging        | |  2.9
Shields        | |  0.2

Action                     |  1- 3 |  4- 6 |  7- 9 || total
---------------------------+-------+-------+-------++-------
  Melee: Dagger            |    22 |    15 |       ||    37
         Short sword       |       |     2 |    40 ||    42
         Punch             |       |       |     1 ||     1
         Spear             |       |       |    12 ||    12
  Throw: Boomerang         |    13 |    16 |    29 ||    58
   Cast: Shock             |    10 |       |     1 ||    11
         Static Discharge  |     9 |    12 |    20 ||    41
         Sting             |     2 |       |       ||     2
         Scorch            |       |     2 |    10 ||    12
         Stone Arrow       |       |       |     8 ||     8
  Evoke: Wand              |       |     7 |     4 ||    11
    Use: Potion            |     2 |     4 |     3 ||     9
         Scroll            |     2 |     2 |     2 ||     6
   Stab: Sleeping          |       |     1 |     2 ||     3
 Armour: Robe              |     4 |     3 |     7 ||    14
         Skin              |       |     4 |       ||     4
  Dodge: Dodged            |    18 |    12 |    49 ||    79
  Block: Other             |       |     5 |    16 ||    21
         Reflection        |       |     1 |     1 ||     2
